 Dungeon Crawl Stone Soup version 0.20.1-1-g8b1a95d (webtiles) character file.

3497 Irenicus the Cleaver (level 9, -4/79 HPs)
             Began as a Deep Dwarf Monk on Nov 15, 2017.
             Was a Priest of Makhleb.
             Slain by a two-headed ogre
             ... wielding a +0 giant spiked club
              (23 damage)
             ... on level 10 of the Dungeon.
             The game lasted 00:32:17 (4453 turns).

Irenicus the Cleaver (Deep Dwarf Monk)              Turns: 4453, Time: 00:32:18

Health: -4/79      AC: 11    Str: 13    XL:     9   Next: 80%
Magic:  17/17      EV: 14    Int: 21    God:    Makhleb [***...]
Gold:   237        SH:  0    Dex: 18    Spells: 8/8 levels left

rFire    + . .     SeeInvis .   b - +0 trident of Gotulelu {flame, rF+ Str-2 Int+4} (curse)
rCold    + . .     Gourm    +   (no shield)
rNeg     . . .     Faith    .   v - +0 steam dragon scales
rPois    .         Spirit   .   y - +0 helmet
rElec    .         Reflect  .   g - +1 cloak
rCorr    +         Harm     .   (no gloves)
MR       ++++.                  l - +2 pair of boots {Stlth+}
Stlth    +++.......             w - amulet of the gourmand
Regen    0.0/turn               A - ring "Wistab" {*Contam rC+ MP+9 Str+3 Int+2}
MPRegen  0.2/turn               I - ring "Hickauc" {rCorr MR++ Str-5 Int+4}

@: non-regenerating
A: damage resistance, heal wounds, magic resistance 1, sense surroundings 2,
strong 1, no regeneration
a: Heal Wounds, Minor Destruction, Lesser Servant of Makhleb, Renounce Religion


You were on level 10 of the Dungeon.
You worshipped Makhleb.
Makhleb was most pleased with you.
You were hungry.

You visited 2 branches of the dungeon, and saw 11 of its levels.

You collected 392 gold pieces.
You spent 155 gold pieces at shops.

Inventory:

Hand Weapons
 a - a +0 hand axe
 b - the cursed +0 trident of Gotulelu (weapon) {flame, rF+ Str-2 Int+4}
   (You found it on level 5 of the Dungeon)

   It has been specially enchanted to burn those struck by it, causing extra
   injury to most foes and up to half again as much damage against particularly
   susceptible opponents.
   It affects your strength (-2).
   It affects your intelligence (+4).
   It protects you from fire.
   It has a curse placed upon it.
Missiles
 o - 12 javelins (quivered)
Armour
 g - a +1 cloak (worn)
 i - a +4 ring mail
 l - a +2 pair of boots of stealth (worn)
 v - +0 steam dragon scales (worn)
 y - a +0 helmet (worn)
Jewellery
 h - an uncursed ring of positive energy
 r - an uncursed ring of protection from magic
 s - an uncursed ring of ice
 w - an amulet of the gourmand (around neck)
 A - the ring "Wistab" (left hand) {*Contam rC+ MP+9 Str+3 Int+2}
   (You bought it in a shop on level 5 of the Dungeon)

   [ring of magical power]

   It affects your strength (+3).
   It affects your intelligence (+2).
   It protects you from cold.
   It affects your magic capacity (+9).
   It causes magical contamination when unequipped.
 I - the ring "Hickauc" (right hand) {rCorr MR++ Str-5 Int+4}
   (You found it on level 9 of the Dungeon)

   [ring of resist corrosion]

   It affects your strength (-5).
   It affects your intelligence (+4).
   It affects your resistance to hostile enchantments.
 J - an uncursed ring of resist corrosion {unknown}
Wands
 k - a wand of acid (0/15)
 m - a wand of paralysis (0/24)
 t - a wand of polymorph (5/24)
 E - a wand of flame (13/48)
 G - a wand of scattershot (6/9)
Scrolls
 d - 5 scrolls of identify
 e - 2 scrolls of teleportation
 n - 2 scrolls of fog {unknown}
 q - 3 scrolls of amnesia
 u - 2 scrolls of immolation {unknown}
 B - a scroll of recharging {unknown}
 C - 2 scrolls of enchant armour
 H - a scroll of brand weapon {unknown}
Potions
 D - 2 potions of ambrosia
 F - 3 potions of curing
Books
 j - a book of Callings

   Spells                             Type                      Level
   a - Summon Small Mammal            Summoning                    1
   b - Call Imp                       Summoning                    2
   c - Call Canine Familiar           Summoning                    3
   d - Summon Guardian Golem          Hexes/Summoning              3
   e - Summon Lightning Spire         Summoning/Air                4
   f - Summon Ice Beast               Ice/Summoning                4
 p - a book of Conjurations

   Spells                             Type                      Level
   a - Magic Dart                     Conjuration                  1
   b - Searing Ray                    Conjuration                  2
   c - Dazzling Spray                 Conjuration/Hexes            3
   d - Fulminant Prism                Conjuration/Hexes            4
   e - Force Lance                    Conjuration/Translocation    4
   f - Iskenderun's Mystic Blast      Conjuration                  4
 x - a book of Minor Magic

   Spells                             Type                      Level
   a - Magic Dart                     Conjuration                  1
   b - Blink                          Translocation                2
   c - Call Imp                       Summoning                    2
   d - Slow                           Hexes                        2
   e - Conjure Flame                  Conjuration/Fire             3
   f - Mephitic Cloud                 Conjuration/Poison/Air       3
 z - a book of Misfortune

   Spells                             Type                      Level
   a - Confusing Touch                Hexes                        1
   b - Confuse                        Hexes                        3
   c - Gell's Gravitas                Translocation                3
   d - Petrify                        Transmutation/Earth          4
   e - Metabolic Englaciation         Hexes/Ice                    5
   f - Yara's Violent Unravelling     Hexes/Transmutation          5
Comestibles
 c - 2 bread rations
 f - 3 meat rations


   Skills:
 - Level 4.4 Fighting
 - Level 14.3 Axes
 + Level 3.3 Dodging
 - Level 2.4 Stealth


You had 8 spell levels left.
You didn't know any spells.

Dungeon Overview and Level Annotations

Branches:
Dungeon (10/15)            Temple (1/1) D:7            Lair (0/6) D:8
    Orc (0/2) D:10

Altars:
Cheibriados
Dithmenos
Elyvilon
Fedhas
Gozag
Hepliaklqana
Kikubaaqudgha
Makhleb
Okawaru
Qazlal
Ru
Sif Muna
Trog
Uskayaw
Vehumet
Xom
Yredelemnul
Zin
The Shining One

Shops:
D:5 *   D:7 (

Annotations:
D:9 exclusion: upstairs
D:10 Joseph


Innate Abilities, Weirdness & Mutations

You are resistant to damage.
You can heal yourself by infusing magical energy.
You passively map the area around you.
You do not regenerate.
You are resistant to hostile enchantments. (MR+)
Your muscles are strong. (Str +2)


Message History

Okay, then.
Search for what [Enter for "remove", or ? for help]? curse Really walk into that teleport trap?
You enter a teleport trap!
The teleport trap disappears.
Your surroundings suddenly seem different. 2 orcs come into view.
The orc moves out of view.
A two-headed ogre comes into view. It is wielding two giant spiked clubs.
The two-headed ogre shouts in stereo!
You hit the orc. You burn the orc.
You kill the orc!
Makhleb accepts your kill.
You feel better.
You hear a shout! x4; You hear two shouts!
You hear a shout!
Found 20 sling bullets.
A centaur comes into view.
You see here a whip.
A two-headed ogre comes into view.
It is wielding a giant spiked club and a dire flail.
The two-headed ogre hits you with a giant spiked club!!
You die...

, , *
#...oc.O..#, ,
* * *
,#.#######.# ,
,* #O#, ,#)# *
, , , , ,**
#.#, ,#.# , , ,
#c# ,, '.O , ,
* *,#o# ,.#c#.,
,,, * ,#.#
#(#.#..* * , ,
, #.#######.#
.. , , ,
#.O@......#,...
, , * ,
#####.##### ##.
** * * #.# #*
## ,, *,, *,
#.. ,* .#, ,,,
, ,, #Y#*,,+
o.#,,' * * #..
,


oo# * * #@#####..y#, ,, ,, #..+..#...# *, * * ** ,#Y##..+.o.# * ' , You could
see a two-headed ogre.

Vanquished Creatures
  Pikel (D:7)
  Sigmund (D:6)
  2 yaks (D:10)
  Menkaure (D:5)
  2 water moccasins
  A slave (D:7)
  3 sky beasts
  2 ogres (D:6)
  2 centaurs
  A big kobold (D:10)
  4 bullfrogs
  4 scorpions
  4 howler monkeys
  2 crimson imps
  A centaur zombie (D:9)
  2 hounds
  3 jellies
  Crazy Yiuf (D:3)
  Jessica (D:3)
  7 orc wizards
  Ijyb (D:5)
  4 iguanas
  5 worker ants
  2 hound skeletons
  A hound zombie (D:7)
  A worker ant zombie (D:2)
  A gnoll (D:6)
  A howler monkey skeleton (D:8)
  8 adders
  A river rat (D:8)
  3 adder skeletons
  2 adder zombies (D:2)
  A worm (D:4)
  2 dart slugs
  5 leopard geckos
  23 orcs
  4 ball pythons
  A bat skeleton (D:2)
  3 bat zombies (D:2)
  5 giant cockroaches
  9 goblins
  6 hobgoblins
  11 jackals
  2 quokkas
  A ball python skeleton (D:2)
  4 bats
  8 frilled lizards
  2 giant cockroach zombies (D:2)
  A jackal zombie (D:2)
  4 kobolds
  A leopard gecko skeleton (D:2)
  A leopard gecko zombie (D:2)
  3 rats (D:1)
172 creatures vanquished.

Vanquished Creatures (others)
  An adder (D:7)
1 creature vanquished.

Grand Total: 173 creatures vanquished

Notes
Turn   | Place    | Note
-------+----------+-------------------------------------------
     0 | D:1      | Irenicus the Deep Dwarf Monk began the quest for the Orb.
     0 | D:1      | Reached XP level 1. HP: 20/20 MP: 1/1
   118 | D:1      | You fall through a shaft!
   118 | D:2      | Found a white marble altar of Elyvilon.
   120 | D:2      | Reached XP level 2. HP: 24/27 MP: 2/2
   122 | D:2      | Reached skill level 4 in Axes
   139 | D:2      | Found a basalt altar of Yredelemnul.
   252 | D:2      | Found a faded altar of an unknown god.
   343 | D:1      | Reached XP level 3. HP: 22/33 MP: 3/3
   661 | D:1      | Reached skill level 5 in Axes
   721 | D:2      | Reached XP level 4. HP: 23/40 MP: 4/4
   824 | D:2      | Found a blossoming altar of Fedhas.
   930 | D:3      | Noticed Jessica
   939 | D:3      | Killed Jessica
   939 | D:3      | Reached skill level 6 in Axes
   943 | D:3      | Found a runed door.
   947 | D:3      | Noticed Crazy Yiuf
   948 | D:3      | Gained mutation: Your muscles are strong. (Str +2) [potion of mutation]
   948 | D:3      | Gained mutation: You are resistant to hostile enchantments. (MR+) [potion of mutation]
   967 | D:3      | Killed Crazy Yiuf
   967 | D:3      | Reached XP level 5. HP: 3/46 MP: 0/4
  1199 | D:4      | Reached skill level 7 in Axes
  1306 | D:4      | Reached XP level 6. HP: 35/55 MP: 5/5
  1420 | D:4      | Reached skill level 8 in Axes
  1442 | D:5      | Entered Level 5 of the Dungeon
  1447 | D:5      | Got a bloodstained trident
  1448 | D:5      | Identified the cursed +0 trident of Gotulelu {flame, rF+ Str-2 Int+4} (You found it on level 5 of the Dungeon)
  1455 | D:5      | Found Ucwoasmaed's Assorted Antiques.
  1471 | D:5      | Noticed Menkaure
  1493 | D:5      | Killed Menkaure
  1493 | D:5      | Reached XP level 7. HP: 27/61 MP: 6/6
  1541 | D:5      | Reached skill level 9 in Axes
  1587 | D:5      | Noticed Ijyb
  1601 | D:5      | Killed Ijyb
  1634 | D:5      | Found a burning altar of Makhleb.
  1696 | D:5      | Found an iron altar of Okawaru.
  1871 | D:5      | Found an ancient bone altar of Kikubaaqudgha.
  1987 | D:6      | Reached skill level 10 in Axes
  2280 | D:7      | Found a staircase to the Ecumenical Temple.
  2312 | D:7      | Reached XP level 8. HP: 49/68 MP: 7/7
  2327 | Temple   | Entered the Ecumenical Temple
  2513 | D:7      | Found a hide-covered altar of Uskayaw.
  2613 | D:7      | Found Othoasun's Antique Weapon Boutique.
  2645 | D:6      | Reached skill level 11 in Axes
  2841 | D:5      | Became a worshipper of Makhleb the Destroyer
  2841 | D:5      | Reached * piety under Makhleb
  2841 | D:5      | Reached ** piety under Makhleb
  3020 | D:5      | Bought a coiled silver ring for 155 gold pieces
  3021 | D:5      | Identified the ring "Wistab" {*Contam rC+ MP+9 Str+3 Int+2} (You bought it in a shop on level 5 of the Dungeon)
  3064 | D:7      | Noticed Pikel
  3134 | D:8      | Found a staircase to the Lair.
  3144 | D:8      | Noticed a death yak
  3144 | D:8      | Noticed a death yak
  3146 | D:8      | Noticed a death yak
  3185 | D:7      | Noticed a troll
  3354 | D:6      | Noticed Sigmund
  3371 | D:6      | Reached skill level 12 in Axes
  3376 | D:6      | Killed Sigmund
  3559 | D:7      | Killed Pikel
  3559 | D:7      | Reached skill level 13 in Axes
  3559 | D:7      | Gained mutation: You passively map the area around you. [Deep Dwarf growth]
  3559 | D:7      | Reached XP level 9. HP: 38/74 MP: 8/8
  3575 | D:7      | Found a sacrificial altar of Ru.
  3724 | D:8      | Noticed a two-headed ogre
  3764 | D:9      | Noticed a two-headed ogre
  3787 | D:9      | Noticed a deep elf mage
  3876 | D:8      | Found a shimmering altar of Xom.
  3985 | D:9      | Got a coiled wooden ring
  3988 | D:9      | Identified the ring "Hickauc" {rCorr MR++ Str-5 Int+4} (You found it on level 9 of the Dungeon)
  3990 | D:9      | Reached skill level 14 in Axes
  4121 | D:10     | Entered Level 10 of the Dungeon
  4142 | D:10     | Found a staircase to the Orcish Mines.
  4154 | D:10     | Noticed a great orb of eyes
  4295 | D:10     | Noticed Joseph
  4399 | D:10     | Noticed a two-headed ogre
  4430 | D:10     | Reached *** piety under Makhleb
  4435 | D:10     | Noticed a two-headed ogre
  4439 | D:10     | Noticed a two-headed ogre
  4453 | D:10     | Slain by a two-headed ogre

Skill      XL: |  1  2  3  4  5  6  7  8  9 |
---------------+----------------------------+-----
Axes           | 4 5 6 7 8 10 13 14 | 14.3
Fighting       | 4 |  4.4
Dodging        | |  3.3
Stealth        | |  2.4

Action                   |  1- 3 |  4- 6 |  7- 9 || total
-------------------------+-------+-------+-------++-------
Melee: Hand axe          |   124 |   198 |       ||   322
       Trident           |       |     5 |   464 ||   469
Throw: Javelin           |       |       |     1 ||     1
 Abil: Heal Wounds       |       |     3 |     3 ||     6
Evoke: Wand              |       |       |     7 ||     7
  Use: Potion            |       |    10 |     4 ||    14
       Scroll            |       |     5 |     4 ||     9
 Stab: Sleeping          |     8 |     6 |    14 ||    28
  Eat: Chunk             |       |     2 |     8 ||    10
       Royal jelly       |       |       |     1 ||     1
Armor: Robe              |    21 |       |       ||    21
       Leather armour    |    17 |    61 |       ||    78
       Ring mail         |       |    22 |    29 ||    51
       Skin              |       |     1 |     8 ||     9
       Steam dragon scal |       |       |   147 ||   147
Dodge: Dodged            |   136 |   124 |   235 ||   495
